 Dungeon Crawl Stone Soup version 0.26.0-10-g1f06aea511 (webtiles) character file.

Game seed: 8863830555862823022

60 vatarom the Firebug (level 3, 0/20 HPs)
             Began as a Deep Elf Fire Elementalist on Jan 21, 2021.
             Slain by a quokka (4 damage)
             ... on level 3 of the Dungeon.
             The game lasted 00:01:50 (1221 turns).

vatarom the Firebug (Deep Elf Fire Elementalist)    Turns: 1221, Time: 00:01:50

Health: 0/20       AC:  2    Str: 11    XL:     3   Next: 82%
Magic:  8/10       EV: 13    Int: 20    God:
Gold:   116        SH:  0    Dex: 15    Spells: 5/9 levels left

rFire    . . .     SeeInvis .   h - +0 dagger (venom)
rCold    . . .     Faith    .   (no shield)
rNeg     . . .     Spirit   .   a - +0 robe
rPois    .         Reflect  .   (no helmet)
rElec    .         Harm     .   (no cloak)
rCorr    .         Rampage  .   (no gloves)
Will     .....                  (no boots)
Stlth    ++........             (no amulet)
HPRegen  0.06/turn              g - +6 ring of strength
MPRegen  0.12/turn              (no ring)

@: lethally poisoned (0 -> -7), attractive, hasted, very quick
A: no striking features
a: no special abilities


You were on level 3 of the Dungeon.
You visited 1 branch of the dungeon, and saw 4 of its levels.

You collected 116 gold pieces.

Inventory:

Hand Weapons
 h - a +0 dagger of venom (weapon)
Missiles
 f - 17 poisoned darts
Armour
 a - a +0 robe (worn)
Jewellery
 g - a +6 ring of strength (left hand)
Scrolls
 i - a scroll of identify {unknown}
Potions
 b - a potion of curing {unknown}
 c - a potion of attraction
 e - a potion of degeneration {unknown}


   Skills:
 + Level 0.4 Fighting
 - Level 2.4 Dodging
 - Level 2.4 Stealth
 + Level 3.7 Spellcasting
 + Level 2.1 Conjurations
 * Level 4.3 Fire Magic


You had 5 spell levels left.
You knew the following spells:

 Your Spells              Type           Power        Failure   Level
a - Foxfire               Conj/Fire      64%          3%          1
c - Conjure Flame         Conj/Fire      16%          11%         3

Your spell library contained the following spells:

 Spells                   Type           Power        Failure   Level
 Inner Flame              Hex/Fire       12%          16%         3
 Sticky Flame             Conj/Fire      16%          34%         4
 Fireball                 Conj/Fire      8%           67%         5


Dungeon Overview and Level Annotations

Branches:
Dungeon (4/15)
 Temple: D:4-7

Altars:


Message History

You conjure some foxfire!
You feel sick. The adder bites you.
You are lethally poisoned!
The adder poisons you! The adder misses you.
Your foxfire dissipates!
You feel sick.
The foxfire hits the adder!
You kill the adder!
It was a potion of attraction.
You feel attractive to monsters.
You hit the frilled lizard.
You kill the frilled lizard!
You feel sick. The rat is pulled toward you!
You closely miss the quokka.
You feel sick. The quokka closely misses you.
Your magical contamination has completely faded away.
The rat is pulled toward you!
You hit the rat.
The rat is moderately wounded.
You feel sick. The rat closely misses you. The quokka bites you.
* * * LOW HITPOINT WARNING * * *
It was a potion of haste.
You feel yourself speed up. The quokka bites you.
You die...

.... ...
..###.###
#.#.....# #
#.#.....#.#
#..?...r..#
#r#.>...#.#
#.#.....#
#g###.###..
#.r@r......
#######....
.... .. ...


You could see a quokka, a hobgoblin and a rat.

Vanquished Creatures
  2 adders
  2 worms (D:2)
  An orc (D:4)
  A ball python (D:1)
  2 giant cockroaches (D:1)
  5 hobgoblins
  4 jackals (D:1)
  4 bats (D:1)
  3 frilled lizards
  3 goblins (D:1)
  6 kobolds (D:1)
  4 rats (D:1)
37 creatures vanquished.

Vanquished Creatures (others)
  77 foxfires
77 creatures vanquished.

Grand Total: 114 creatures vanquished

Notes
Turn   | Place    | Note
-------+----------+-------------------------------------------
     0 | D:1      | vatarom the Deep Elf Fire Elementalist began the quest for
                  | the Orb.
     0 | D:1      | Reached XP level 1. HP: 10/10 MP: 6/6
   325 | D:1      | Reached XP level 2. HP: 15/15 MP: 5/8
   777 | D:1      | Reached skill level 4 in Fire Magic
   842 | D:1      | Reached XP level 3. HP: 19/19 MP: 6/9
  1121 | D:2      | Learned a level 3 spell: Conjure Flame
  1138 | D:2      | You fall into a shaft and drop 2 floors!
  1198 | D:4      | Noticed an ogre
  1221 | D:3      | Slain by a quokka

Illustrated notes

Levels and vault maps discovered:
D:1:      evilmike_arrival_rings, layout_rooms
D:2:      layout_basic, uniq_terence
D:3:      layout_rooms, st_stairs_3
D:4:      layout_basic, elyvilon_altar_1

Skill      XL: |  1  2  3 |
---------------+----------+-----
Fire Magic     | 4 |  4.3
Conjurations   | 2 |  2.1
Fighting       | |  0.4
Dodging        | |  2.4
Stealth        | |  2.4
Spellcasting   | |  3.7

Action                   || total
-------------------------++-------
Melee: Unarmed           ||     5
       Dagger            ||     4
 Cast: Foxfire           ||    47
  Use: Potion            ||     2
Armor: Robe              ||     2
Dodge: Dodged            ||    23
